 Zot Defence DCSS version 0.15.2 (webtiles) character file.

211 mastercheaf21 the Chopper (level 5, 0/45 HPs)
             Began as a Minotaur Berserker on Nov 8, 2017.
             Was a Believer of Trog.
             Succumbed to kobold's curare-tipped needle
             ... in the Realm of Zot (Scenario I: Hall of Zot).
             The game lasted 00:18:14 (691 turns).

mastercheaf21 the Chopper (Minotaur Berserker)       Turns: 691, Time: 00:18:14

HP   0/45        AC  2     Str 23      XL: 5   Next: 57%
MP   2/2         EV 12     Int  4      God: Trog [**....]
Gold 0           SH  0     Dex  9      Spells:  0 memorised,  4 levels left

rFire  . . .     SeeInvis .     a - +0 hand axe
rCold  . . .     Clarity  .     b - +0 animal skin
rNeg   . . .     rCorr    .     (no shield)
rPois  .         rRot     .     (helmet restricted)
rElec  .         Spirit   .     (no cloak)
SustAb .         Warding  .     (no gloves)
rMut   .         Stasis   .     (no boots)
Gourm  .                        (no amulet)
MR     .....                    (no ring)
                                (no ring)

@: lethally poisoned, short of breath, slowed, very slow, not resistant to
hostile enchantments, very unstealthy
A: retaliatory headbutt, horns 2
a: Make oklob sapling, Make arrow trap, Make plant, Remove Curse, Make burning
bush, Burn Spellbooks, Berserk, Trog's Hand, Renounce Religion


You were in the Realm of Zot.
You worshipped Trog.
Trog was pleased with you.
You were not hungry.

You visited 1 branch

Inventory:

Hand weapons
 a - a +0 hand axe (weapon)
Armour
 b - a +0 animal skin (worn)
Comestibles
 d - a bread ration
Scrolls
 i - a scroll of blinking
Potions
 c - 2 potions of curing
 e - a potion of heal wounds
 f - a potion of haste
 g - 2 potions of magic
 h - a potion of berserk rage


   Skills:
 - Level 3.6 Fighting
 + Level 7.6 Axes
 - Level 2.4 Armour
 - Level 2.1 Dodging


You had 4 spell levels left.
You didn't know any spells.

Dungeon Overview and Level Annotations

Branches:
    Zot (1/1)

Altars:


Innate Abilities, Weirdness & Mutations

You reflexively headbutt those who attack you in melee.
You have a pair of horns on your head.


Message History

The curare-tipped needle hits you.
You are poisoned.
You have difficulty breathing.
You feel yourself slow down.
You feel sick.
The kobold shoots a curare-tipped needle.
The curare-tipped needle hits you.
You are lethally poisoned!
You have difficulty breathing.
* * * LOW HITPOINT WARNING * * *
You feel as though you will be slow longer.
The kobold shoots a curare-tipped needle.
The curare-tipped needle hits you.
You are more poisoned.
You have difficulty breathing.
* * * LOW HITPOINT WARNING * * *
You feel as though you will be slow longer.
Unknown command.
Unknown command.
Unknown command.
You die...

▓▓▓▓▓▓▓▓ ▓▓▓▓▓▓▓▓ ....▓▓▓▓
▓▓▓▓.... .......▓▓▓ ▓▓▓.......
.........▓▓ ▓▓.........
..........▓ ▓▓▓▓▓▓▓▓▓ ▓..........
..........▓▓▓.......▓▓▓..........
..........▓▓.........▓▓..........
..........▓....)......▓..........
..........^....)@[(%.)^..........
..........▓.....%%....▓K.........
..........▓▓.........▓▓..........
..........▓▓▓.......▓▓▓..........
..........# ▓▓▓▓▓▓▓▓▓ #..........
.........## ##.........
.......### ###....... ....####
####.... ######### #########


You could see a kobold.

Vanquished Creatures
  Jessica (Zot)
  A gnoll (Zot)
  A giant mite (Zot)
  2 worms (Zot)
  5 oozes (Zot)
  10 bats (Zot)
  6 goblins (Zot)
  4 hobgoblins (Zot)
  3 jackals (Zot)
  5 kobolds (Zot)
  6 rats (Zot)
44 creatures vanquished.

Vanquished Creatures (collateral kills)
  3 bats (Zot)
  A giant cockroach (Zot)
  A ball python (Zot)
  2 kobolds (Zot)
  A rat (Zot)
8 creatures vanquished.

Vanquished Creatures (others)
  An oklob sapling (Zot)
  An ooze (Zot)
  6 goblins (Zot)
  2 ball pythons (Zot)
  A giant newt (Zot)
  A giant spore (Zot)
  3 kobolds (Zot)
  2 rats (Zot)
17 creatures vanquished.

Grand Total: 69 creatures vanquished

Notes
Turn   | Place    | Note
--------------------------------------------------------------
     0 | Zot      | mastercheaf21, the Minotaur Berserker, began the quest for the Orb.
     0 | Zot      | Reached XP level 1. HP: 19/19 MP: 1/1
   201 | Zot      | Reached skill level 4 in Axes
   206 | Zot      | Reached XP level 2. HP: 24/26 MP: 1/1
   239 | Zot      | Reached skill level 5 in Axes
   241 | Zot      | Reached XP level 3. HP: 9/31 MP: 2/2
   280 | Zot      | Reached XP level 4. HP: 10/39 MP: 2/2
   289 | Zot      | Reached skill level 6 in Axes
   310 | Zot      | Acquired Trog's second power
   551 | Zot      | Reached XP level 5. HP: 33/45 MP: 2/2
   611 | Zot      | Reached skill level 7 in Axes
   642 | Zot      | Noticed Jessica
   664 | Zot      | Killed Jessica
   691 | Zot      | Succumbed to kobold's curare-tipped needle

Action                   |  1- 3 |  4- 6 || total
-------------------------+-------+-------++-------
Melee: Hand axe          |    31 |    54 ||    85
Invok: Trog's Hand       |       |     1 ||     1
 Abil: Make arrow trap   |       |     2 ||     2
       Make oklob saplin |       |     1 ||     1
  Use: Potion            |     1 |       ||     1
